 Dungeon Crawl Stone Soup version 0.20-a0-286-gae82e34 (webtiles) character file.

119 Junicave the Digger (level 5, -2/28 HPs)
             Began as a Gargoyle Earth Elementalist on Dec 14, 2016.
             Slain by a gnoll
             ... wielding a +0 halberd
              (8 damage)
             ... on level 2 of the Dungeon.
             The game lasted 00:09:09 (3509 turns).

Junicave the Digger (Gargoyle Earth Elementalist)   Turns: 3509, Time: 00:09:09

Health: -2/28      AC:  8    Str: 11    XL:     5   Next: 3%
Magic:  3/10       EV: 12    Int: 17    God:
Gold:   114        SH:  0    Dex: 10    Spells: 7/11 levels left

rFire  . . .     SeeInvis .     l - +0 flail
rCold  . . .     Gourm    .     c - +0 robe
rNeg   + . .     Faith    .     (no shield)
rPois  ∞         Spirit   .     m - +0 helmet
rElec  +         Reflect  .     (no cloak)
rCorr  .         Harm     .     (no gloves)
MR     .....                    s - +0 pair of boots
Stlth  ++........               (no amulet)
                                (no ring)
                                (no ring)

@: no status effects
A: negative energy resistance 1, electricity resistance, unbreathing,
petrification resistance, rot immunity, AC +4
a: no special abilities


You were on level 2 of the Dungeon.
You were very hungry.

You visited 1 branch of the dungeon, and saw 2 of its levels.

You collected 114 gold pieces.

Inventory:

Hand Weapons
 a - a +0 dagger
 l - a +0 flail (weapon)
Missiles
 b - 72 stones (quivered)
Armour
 c - a +0 robe (worn)
 m - a +0 helmet (worn)
 s - a +0 pair of boots (worn)
Scrolls
 g - a scroll of magic mapping {unknown}
 h - a scroll of random uselessness {unknown}
 j - 4 scrolls of remove curse {unknown}
 n - a scroll of fog {unknown}
 q - a scroll of fear {unknown}
 r - 2 scrolls of teleportation {unknown}
Potions
 i - 2 potions of curing {unknown}
 o - a potion of invisibility {unknown}
 p - a potion of agility {unknown}
Books
 e - a book of Geomancy

   Spells                             Type                      Level
   a - Sandblast                      Earth                        1
   b - Passwall                       Transmutation/Earth          2
   c - Stone Arrow                    Conjuration/Earth            3
   d - Petrify                        Transmutation/Earth          4
   e - Lee's Rapid Deconstruction     Earth                        5
Comestibles
 d - 2 bread rations
 k - a meat ration


   Skills:
 - Level 1.5 Dodging
 - Level 2.1 Stealth
 * Level 3.6 Spellcasting
 + Level 1.4 Conjurations
   Level 0.7 Transmutations
 + Level 4.7 Earth Magic


You had 7 spell levels left.
You knew the following spells:

 Your Spells              Type           Power        Failure   Level  Hunger
a - Sandblast             Erth           ###...       2%          1    None
b - Stone Arrow           Conj/Erth      ##....       14%         3    ###....


Dungeon Overview and Level Annotations

Branches:
Dungeon (2/15)

Altars:


Innate Abilities, Weirdness & Mutations

You are resistant to torment.
Your stone body is resilient. (AC +4)
You are immune to poison.
You resist negative energy. (rN+)
You are resistant to electric shocks. (rElec)
You can survive without breathing.
You are immune to petrification.
You are immune to rotting.


Message History

Confirm with . or Enter, or press ? or * to list all spells.
Aiming: Sandblast
Press: ? - help, Shift-Dir - straight line, f/p - gnoll
Aim: a gnoll, wielding a halberd (severely wounded)
The blast of sand hits the gnoll.
The gnoll is severely wounded.
The gnoll hits you from afar with a halberd!
* * * LOW HITPOINT WARNING * * *
Casting: Sandblast
Confirm with . or Enter, or press ? or * to list all spells.
Aiming: Stone Arrow
Press: ? - help, Shift-Dir - straight line, f/p - gnoll
Aim: a gnoll, wielding a halberd (severely wounded)
The stone arrow hits the gnoll.
The gnoll is severely wounded.
The gnoll hits you from afar with a halberd.
* * * LOW HITPOINT WARNING * * *
There is a stone staircase leading down here.
The gnoll hits you from afar with a halberd!
You die...

#.########.#..........,*
#.# #.#..########**
##.## ##.#..# #...#
##.#...#
).#.#####.##...##
.........##.###.##
#########..## ##.# #
##.# #.################
# #.##
##@.g..............
##.###.#################
##...## #####


You could see a gnoll.

Vanquished Creatures
  5 gnolls
  3 adders (D:2)
  An ooze (D:2)
  A leopard gecko (D:1)
  A ball python (D:1)
  8 bats
  6 goblins
  4 hobgoblins
  3 kobolds (D:1)
  2 frilled lizards
  4 rats
38 creatures vanquished.

Notes
Turn   | Place    | Note
-------+----------+-------------------------------------------
     0 | D:1      | Junicave the Gargoyle Earth Elementalist began the quest for the Orb.
     0 | D:1      | Reached XP level 1. HP: 10/10 MP: 3/3
   211 | D:1      | Reached XP level 2. HP: 15/15 MP: 0/5
   363 | D:1      | Reached skill level 4 in Earth Magic
  1250 | D:1      | Reached XP level 3. HP: 19/19 MP: 4/7
  1255 | D:1      | Learned a level 3 spell: Stone Arrow
  2119 | D:2      | Reached XP level 4. HP: 18/24 MP: 3/9
  2165 | D:1      | Reached skill level 1 in Conjurations
  3389 | D:2      | Reached XP level 5. HP: 12/28 MP: 1/10
  3509 | D:2      | Slain by a gnoll

Vault maps used:
D:1:      dpeg_arrival_round_c

Skill      XL: |  1  2  3  4 |
---------------+-------------+-----
Earth Magic    | 4 |  4.7
Spellcasting   | 3 |  3.6
Conjurations   | 1 |  1.4
Dodging        | |  1.5
Stealth        | |  2.1
Transmutations | |  0.7

Action                   |  1- 3 |  4- 6 || total
-------------------------+-------+-------++-------
Melee: Dagger            |    16 |       ||    16
       Unarmed           |     4 |       ||     4
       Flail             |    16 |     6 ||    22
 Cast: Sandblast         |    47 |    38 ||    85
       Stone Arrow       |       |     2 ||     2
 Stab: Sleeping          |     1 |       ||     1
       Distracted        |     1 |       ||     1
  Eat: Chunk             |     4 |     3 ||     7
Armor: Robe              |    26 |    10 ||    36
Dodge: Dodged            |    49 |    18 ||    67
